Map: Fortezza segreta

Players

acki - Winner!

  • Race: Protoss Protoss
  • Spawn Location: 6:00

Thege - Winner!

  • Race: Zerg Zerg
  • Spawn Location: 7:00

Mali - Winner!

  • Race: Protoss Protoss
  • League: Bronze
  • Spawn Location: 5:00

JMR - Winner!

  • Race: Protoss Protoss
  • Spawn Location: 6:00

Jhyrachy

  • Race: Zerg Zerg
  • League: Silver
  • Spawn Location: 9:00

DJDeepT

  • Race: Protoss Protoss
  • League: Silver
  • Spawn Location: 12:00

Shemshuhors

  • Race: Protoss Protoss
  • Spawn Location: 3:00

Nessuno

  • Race: Protoss Protoss
  • Spawn Location: 12:00

VOD

Have the link to the VOD?

Description

Time

  • Played on: March 27, 2016, 5:27 p.m.
  • Length: 18:57
Show
View Real Time Build Order
Export as new Build Order

acki Protoss - Winner!

Build Orders: Nexus First 

Get SALT Encoding   

  12  0:01  Probe (Chrono Boost)  
  13  0:12  Probe (Chrono Boost)  
  14  0:22  Probe (Chrono Boost)  
  15  1:03  Nexus  
  15  1:15  Nexus  
  15  1:26  Pylon  
  15  1:32  Assimilator  
  15  1:36  Assimilator  
  15  1:44  Probe (Chrono Boost)  
  16  1:48  Gateway  
  16  1:54  Probe (Chrono Boost)  
  17  2:06  Probe (Chrono Boost)  
  18  2:24  Probe x2 (Chrono Boost)  
  20  2:33  Probe (Chrono Boost)  
  20  2:34  Probe (Chrono Boost)  
  20  2:35  Probe (Chrono Boost)  
  23  2:39  Assimilator  
  24  2:44  Probe (Chrono Boost)  
  24  2:46  Assimilator, Probe (Chrono Boost)  
  24  2:49  Probe (Chrono Boost)  
  26  2:55  Probe (Chrono Boost)  
  26  2:56  Probe (Chrono Boost)  
  28  3:00  Probe (Chrono Boost)  
  28  3:05  Probe (Chrono Boost)  
  30  3:10  Probe (Chrono Boost)  
  30  3:12  Cybernetics Core  
  31  3:19  Probe x2 (Chrono Boost)  
  33  3:21  Probe (Chrono Boost)  
  34  3:29  Probe x2 (Chrono Boost)  
  34  3:31  Probe (Chrono Boost)  
  37  3:38  Pylon  
  37  3:39  Pylon  
  37  3:40  Probe x2 (Chrono Boost)  
  39  3:42  Probe (Chrono Boost)  
  40  3:49  Assimilator  
  40  3:50  Assimilator, Probe x2 (Chrono Boost)  
  40  3:52  Probe (Chrono Boost)  
  43  3:56  Stargate  
  43  4:01  Probe x2 (Chrono Boost), Stargate  
  45  4:07  Stargate  
  46  4:10  Probe (Chrono Boost)  
  46  4:11  Probe x2 (Chrono Boost)  
  48  4:20  Probe (Chrono Boost)  
  48  4:24  Probe x2 (Chrono Boost)  
  51  4:31  Probe (Chrono Boost)  
  52  4:34  Probe x2 (Chrono Boost)  
  54  4:40  Cybernetics Core  
  54  4:43  Forge  
  54  4:46  Void Ray, Pylon x2  
  54  4:47  Void Ray  
  62  4:53  Void Ray  
  66  5:11  Fleet Beacon  
  66  5:13  Pylon  
  66  5:18  Protoss Air Armor Level 1  
  66  5:20  Protoss Shields Level 1  
  66  5:23  Probe x3 (Chrono Boost)  
  69  5:33  Probe x3 (Chrono Boost)  
  72  5:38  Void Ray x2  
  72  5:40  Void Ray  
  84  5:44  Probe x3 (Chrono Boost)  
  83  6:18  Photon Cannon  
  81  6:20  Photon Cannon, Void Ray  
  81  6:21  Void Ray  
  81  6:22  Photon Cannon  
  81  6:23  Void Ray  
  77  6:52  Robotics Facility  
  77  6:59  Gateway  
  77  7:07  Pylon x2  
  77  7:08  Probe x2 (Chrono Boost)  
  80  7:09  Pylon  
  80  7:11  Void Ray  
  83  7:16  Mothership Core (Chrono Boost)  
  85  7:25  Probe x2 (Chrono Boost), Void Ray x2  
  95  7:34  Probe (Chrono Boost)  
  95  7:35  Pylon  
  95  7:36  Probe x2 (Chrono Boost), Pylon  
  95  7:37  Protoss Air Weapons Level 1  
  98  7:38  Pylon  
  104  7:45  Probe (Chrono Boost)  
  104  7:46  Cybernetics Core, Probe x2 (Chrono Boost)  
  104  7:49  Observer  
  108  7:56  Probe (Chrono Boost)  
  108  7:57  Probe x2 (Chrono Boost)  
  111  8:04  Twilight Council  
  111  8:06  Probe (Chrono Boost)  
  111  8:07  Probe x2 (Chrono Boost)  
  114  8:17  Probe (Chrono Boost)  
  115  8:21  Pylon  
  115  8:22  Stargate, Pylon  
  115  8:23  Stargate  
  115  8:42  Protoss Air Armor Level 2  
  115  8:47  Assimilator  
  115  8:49  Nexus, Void Ray x3  
  115  8:52  Assimilator  
  127  8:56  Protoss Shields Level 2 (Chrono Boost)  
  127  9:04  Pylon x2  
  127  9:28  Protoss Air Weapons Level 2  
  127  9:34  Void Ray  
  127  9:35  Void Ray x2  
  127  9:36  Void Ray  
  96  10:21  Void Ray x3  
  100  10:26  Mothership Core  
  110  10:40  Probe  
  110  10:41  Probe  
  112  10:48  Nexus  
  113  10:52  Probe  
  113  10:53  Probe  
  120  11:04  Probe  
  120  11:05  Probe  
  122  11:14  Probe  
  122  11:16  Probe  
  122  11:18  Probe  
  125  11:26  Probe  
  125  11:27  Void Ray x3  
  125  11:28  Probe  
  125  11:30  Probe, Protoss Air Weapons Level 3  
  140  11:38  Probe  
  141  11:41  Probe  
  141  11:42  Probe  
  143  11:50  Probe  
  144  11:56  Protoss Shields Level 3 (Chrono Boost)  
  144  12:13  Void Ray x2  
  152  12:23  Void Ray  
  152  12:24  Void Ray  
  133  13:26  Protoss Air Armor Level 3  
  93  13:36  Void Ray x3  
  93  13:37  Void Ray x2  
  113  14:46  Void Ray  
  113  14:47  Void Ray x4  
  113  14:51  Nexus  
  113  14:52  Assimilator  
  133  14:54  Assimilator  
  133  14:55  Anion Pulse-Crystals  
  133  14:57  Charge  
  132  15:11  Assimilator  
  132  15:13  Assimilator  
  132  15:16  Nexus  
  132  15:20  Pylon  
  132  15:26  Pylon  
  132  15:33  Pylon  
  132  15:34  Void Ray x4  
  132  15:35  Void Ray  
  152  15:42  Photon Cannon  
  152  15:45  Photon Cannon  
  152  15:49  Photon Cannon  
  152  15:59  Graviton Catapult  
  152  16:17  Void Ray  
  156  16:22  Void Ray  
  156  16:23  Void Ray x2  
  168  16:38  Blink (Chrono Boost)  
  168  16:43  Void Ray  
  172  16:51  Mothership Core  
  174  16:59  Void Ray  
  178  17:21  Void Ray  
  182  17:41  Forge  
  182  17:43  Forge  
  182  17:45  Pylon  
  182  17:46  Pylon  
  182  17:47  Nexus  
  182  17:48  Assimilator  
  182  17:49  Assimilator  
Show
View Real Time Build Order
Export as new Build Order

Thege Zerg - Winner!

Build Orders: Pool First, Muta Ling Bane 

Get SALT Encoding   

  12  0:02  Drone  
  13  0:11  Drone  
  14  0:18  Overlord  
  14  0:25  Extractor  
  14  0:26  Drone  
  14  0:37  Drone  
  14  0:38  Drone  
  16  0:49  Drone  
  17  0:58  Spawning Pool  
  17  1:00  Drone  
  17  1:26  Drone  
  17  1:28  Hatchery  
  17  1:30  Drone  
  18  1:36  Drone  
  19  1:45  Drone  
  20  1:49  Metabolic Boost  
  20  1:57  Queen  
  22  2:11  Spore Crawler, Zergling x2  
  22  2:13  Overlord  
  22  2:34  Zergling x6  
  25  2:48  Drone, Spine Crawler  
  25  2:49  Drone  
  26  2:54  Queen  
  26  2:56  Overlord  
  28  3:15  Zergling x8  
  28  3:16  Zergling x4  
  34  3:30  Zergling x6  
  37  3:42  Zergling x4  
  37  3:47  Overlord  
  38  4:04  Zergling x2  
  38  4:05  Zergling x10  
  38  4:08  Zergling x4  
  32  4:47  Lair  
  32  4:57  Extractor  
  32  4:58  Drone x6  
  37  5:13  Drone  
  37  5:14  Drone  
  39  5:24  Baneling Nest  
  38  5:31  Zergling x2  
  38  5:32  Zergling x12  
  45  5:41  Drone x2  
  47  5:48  Zergling x4  
  46  6:01  Zergling x10  
  45  6:08  Zergling x6  
  42  6:18  Zergling x4  
  44  6:23  Centrifical Hooks  
  44  6:45  Zergling x2  
  44  6:46  Zergling x8  
  43  7:18  Hatchery  
  41  7:23  Zergling x2  
  41  7:24  Zergling x12  
  41  7:29  Extractor  
  47  7:32  Extractor  
  47  7:36  Spire  
  45  7:45  Drone  
  45  7:46  Drone x5  
  51  7:51  Zergling x2  
  51  7:55  Baneling  
  51  7:56  Baneling x13  
  52  8:03  Overlord x4  
  52  8:12  Spore Crawler  
  51  8:19  Spore Crawler  
  50  8:20  Zergling x2  
  50  8:21  Zergling x2  
  50  8:23  Drone x3  
  55  8:28  Drone  
  55  8:29  Drone x6  
  62  8:36  Zergling x4  
  62  8:40  Queen  
  44  9:53  Mutalisk  
  44  9:54  Mutalisk x10  
  66  10:19  Mutalisk  
  66  10:20  Mutalisk x4  
  76  10:23  Drone  
  76  10:24  Drone x4  
  81  10:34  Zerg Flyer Weapons Level 1  
  81  10:45  Drone x6  
  87  11:05  Mutalisk  
  87  11:08  Overlord x6  
  87  11:09  Overlord  
  87  12:02  Mutalisk x9  
  87  12:05  Drone  
  106  12:14  Extractor  
  105  12:18  Extractor  
  102  12:45  Drone x2  
  102  12:46  Drone  
  102  12:47  Drone x3  
  108  12:54  Mutalisk  
  108  12:55  Mutalisk x4  
  118  12:59  Hatchery  
  118  13:02  Zerg Flyer Armor Level 1  
  117  13:19  Mutalisk x2  
  121  13:45  Mutalisk  
  121  13:46  Mutalisk x2  
  121  13:47  Overlord x3  
  121  13:48  Overlord x2  
  99  14:55  Mutalisk  
  99  14:56  Mutalisk x9  
  119  15:12  Extractor  
  118  15:16  Extractor  
  117  15:36  Zergling x24  
  117  15:41  Queen  
  131  15:59  Baneling  
  131  16:00  Baneling x11  
  131  16:03  Baneling x3  
  131  16:04  Baneling x9  
  114  16:54  Zergling x20  
  107  16:55  Zergling x22  
  127  17:20  Infestation Pit  
  126  17:27  Baneling  
  126  17:28  Baneling x25  
  126  17:29  Baneling x16  
  126  17:31  Zergling x2  
  126  17:32  Zergling x28  
  141  18:01  Baneling x16  
  141  18:02  Baneling x14  
  106  18:37  Zergling x2  
  106  18:38  Zergling x34  
  106  18:39  Zergling x18  
Show
View Real Time Build Order
Export as new Build Order

Mali Protoss - Winner!

Build Orders:  

Get SALT Encoding   

  12  0:02  Probe (Chrono Boost)  
  13  0:18  Pylon  
  13  0:24  Probe (Chrono Boost)  
  14  0:31  Pylon  
  14  0:35  Probe (Chrono Boost)  
  15  0:39  Assimilator  
  15  0:45  Probe (Chrono Boost)  
  16  0:59  Gateway  
  16  1:07  Probe (Chrono Boost)  
  17  1:17  Forge  
  17  1:18  Probe (Chrono Boost)  
  18  1:28  Probe (Chrono Boost)  
  18  1:31  Gateway  
  19  1:42  Pylon  
  19  1:47  Assimilator, Probe (Chrono Boost)  
  20  1:57  Zealot  
  20  1:58  Probe (Chrono Boost)  
  23  2:14  Photon Cannon  
  23  2:20  Pylon  
  23  2:30  Cybernetics Core, Probe (Chrono Boost)  
  24  2:38  Zealot (Chrono Boost)  
  26  2:50  Photon Cannon  
  28  2:58  Zealot (Chrono Boost)  
  28  3:13  Protoss Ground Weapons Level 1 (Chrono Boost), Twilight Council  
  28  3:18  Warp Gate (Chrono Boost)  
  28  3:25  Stalker  
  30  3:56  Nexus  
  30  4:11  Dark Shrine  
  30  4:23  Probe  
  31  4:24  Robotics Facility  
  31  4:33  Assimilator  
  31  4:35  Probe  
  32  4:50  Probe  
  33  4:53  Stalker  
  33  4:55  Stalker  
  37  5:02  Probe  
  38  5:16  Pylon x2  
  38  5:21  Warp Prism  
  38  5:26  Probe  
  41  5:36  Probe  
  42  5:43  Probe  
  42  5:47  Probe  
  36  5:55  Probe  
  33  6:06  Gateway  
  33  6:07  Gateway  
  33  6:09  Dark Templar x2  
  36  6:46  Pylon  
  35  7:04  Pylon  
  35  7:06  Pylon  
  35  7:07  Pylon  
  35  7:09  Warp Prism (Chrono Boost)  
  35  7:14  Probe  
  37  7:17  Probe  
  37  7:22  Assimilator  
  39  7:25  Probe  
  39  7:29  Probe  
  41  7:43  Protoss Ground Weapons Level 2 (Chrono Boost)  
  41  7:45  Gateway x2  
  41  8:04  Dark Templar x4  
  41  8:19  Probe  
  40  8:27  Observer  
  40  8:30  Probe  
  42  8:37  Blink  
  42  8:40  Probe  
  43  8:49  Dark Templar x3  
  43  8:50  Dark Templar x3  
  55  9:02  Probe  
  56  9:09  Pylon  
  56  9:12  Pylon  
  56  9:14  Probe  
  56  9:15  Pylon  
  57  9:18  Pylon  
  45  9:29  Immortal  
  49  9:31  Stalker  
  49  9:32  Stalker x3  
  42  10:18  Stalker  
  42  10:19  Stalker x5  
  36  10:44  Probe  
  38  10:50  Observer  
  38  10:54  Probe  
  39  11:01  Photon Cannon  
  39  11:02  Photon Cannon  
  39  11:05  Probe  
  40  11:16  Probe  
  41  11:26  Probe  
  41  11:32  Stalker x4  
  48  11:33  Stalker  
  48  11:39  Probe  
  52  11:43  Probe  
  54  11:49  Probe  
  55  11:56  Probe  
  50  12:13  Dark Templar  
  50  12:14  Dark Templar x2  
  31  12:48  Probe  
  32  12:52  Probe  
  33  12:59  Probe  
  33  13:01  Observer  
  33  13:04  Probe  
  36  13:06  Protoss Shields Level 1 (Chrono Boost)  
  36  13:09  Probe  
  37  13:16  Probe  
  38  13:36  Dark Templar x3  
  44  13:48  Warp Prism  
  40  15:16  Dark Templar x3  
  40  15:17  Dark Templar x2  
  40  15:18  Dark Templar  
  38  15:45  Warp Prism  
  40  15:52  Protoss Ground Weapons Level 3 (Chrono Boost)  
  39  16:43  Pylon  
  39  16:44  Pylon  
  39  16:46  Assimilator  
  39  17:00  Nexus  
  38  17:18  Dark Templar x2  
  38  17:19  Dark Templar x4  
  46  18:22  Probe  
  47  18:32  Dark Templar x3  
  47  18:33  Probe, Dark Templar x3  
  60  18:43  Probe  
Show
View Real Time Build Order
Export as new Build Order

JMR Protoss - Winner!

Build Orders: Nexus First 

Get SALT Encoding   

  12  0:02  Probe (Chrono Boost)  
  13  0:41  Nexus  
  13  0:50  Pylon  
  13  1:06  Assimilator  
  14  1:11  Probe (Chrono Boost)  
  14  1:12  Assimilator  
  14  1:23  Pylon  
  14  1:27  Probe (Chrono Boost)  
  15  1:37  Probe (Chrono Boost)  
  16  1:46  Gateway  
  16  1:48  Probe (Chrono Boost)  
  17  1:54  Probe (Chrono Boost)  
  18  2:05  Probe x2 (Chrono Boost)  
  21  2:15  Probe (Chrono Boost)  
  21  2:16  Probe (Chrono Boost)  
  22  2:26  Probe x2 (Chrono Boost)  
  22  2:28  Forge  
  24  2:38  Cybernetics Core  
  24  2:46  Pylon  
  24  2:54  Probe (Chrono Boost)  
  25  3:01  Assimilator  
  25  3:03  Assimilator  
  25  3:04  Probe (Chrono Boost)  
  27  3:05  Probe (Chrono Boost)  
  27  3:14  Pylon  
  27  3:16  Probe (Chrono Boost)  
  28  3:25  Photon Cannon  
  28  3:28  Photon Cannon  
  28  3:38  Stargate  
  28  3:40  Pylon  
  28  3:47  Probe (Chrono Boost)  
  29  3:51  Probe (Chrono Boost)  
  30  3:57  Probe (Chrono Boost)  
  30  4:02  Probe (Chrono Boost)  
  32  4:13  Probe (Chrono Boost)  
  32  4:15  Stargate  
  33  4:23  Probe (Chrono Boost)  
  34  4:24  Fleet Beacon  
  34  4:27  Stargate  
  34  4:32  Pylon  
  34  4:36  Pylon  
  34  4:48  Nexus  
  34  4:56  Protoss Air Weapons Level 1  
  34  5:03  Protoss Shields Level 1  
  46  5:21  Carrier (Chrono Boost)  
  46  5:23  Carrier (Chrono Boost)  
  46  5:38  Probe  
  47  5:48  Probe  
  54  6:16  Carrier (Chrono Boost)  
  54  6:39  Carrier (Chrono Boost)  
  66  6:48  Carrier (Chrono Boost)  
  66  7:02  Protoss Air Armor Level 1  
  72  7:43  Carrier (Chrono Boost)  
  72  7:53  Carrier (Chrono Boost)  
  72  7:57  Probe  
  78  8:01  Assimilator  
  78  8:02  Assimilator  
  79  8:07  Probe  
  79  8:10  Graviton Catapult  
  80  8:18  Probe  
  87  8:28  Probe  
  87  8:29  Carrier (Chrono Boost)  
  88  8:39  Probe  
  89  8:49  Probe  
  90  8:56  Protoss Air Weapons Level 2 (Chrono Boost)  
  90  9:00  Probe  
  97  9:04  Carrier (Chrono Boost)  
  97  9:11  Probe  
  98  10:38  Pylon  
  98  10:40  Pylon  
  98  10:43  Pylon  
  98  10:45  Pylon  
  98  10:49  Pylon  
  98  10:55  Carrier  
  104  10:58  Carrier x2  
  104  11:03  Protoss Air Armor Level 2 (Chrono Boost)  
  116  12:23  Carrier  
  122  14:11  Carrier x3  
  140  16:19  Pylon x3  
  140  16:22  Pylon  
  140  16:24  Pylon  
  140  16:25  Pylon  
  140  16:37  Carrier x3  
Show
View Real Time Build Order
Export as new Build Order

Jhyrachy Zerg 

Build Orders: Hatch First, Lurkers 

Get SALT Encoding   

  12  0:03  Drone  
  13  0:13  Drone  
  14  0:20  Overlord  
  14  0:28  Overlord  
  14  0:43  Drone x2  
  14  0:48  Drone  
  17  0:59  Drone  
  18  1:09  Extractor, Drone  
  18  1:15  Hatchery  
  17  1:26  Spawning Pool  
  16  1:45  Drone x3  
  19  2:01  Extractor  
  19  2:03  Drone  
  19  2:07  Drone  
  20  2:14  Queen  
  22  2:22  Drone, Roach Warren  
  22  2:33  Drone  
  23  2:48  Drone x3  
  26  2:57  Queen  
  28  2:59  Overlord x2  
  28  3:00  Overlord  
  28  3:08  Queen  
  30  3:58  Roach x9  
  30  3:59  Roach x2  
  52  4:13  Drone x3  
  55  4:18  Lair  
  55  4:54  Drone x4  
  55  4:55  Drone  
  55  4:57  Overlord x2  
  60  5:19  Glial Reconstitution, Burrow  
  60  5:24  Drone x2  
  60  5:25  Drone x3  
  65  5:34  Hatchery  
  58  6:22  Overlord  
  58  6:23  Overlord x3  
  58  6:38  Tunneling Claws  
  58  6:47  Overseer x2  
  58  7:06  Roach x5  
  58  7:07  Roach  
  70  7:14  Hydralisk Den  
  69  7:17  Extractor  
  68  7:23  Extractor  
  67  7:48  Lurker Den  
  67  8:09  Hydralisk x2  
  67  8:10  Hydralisk x14  
  99  8:19  Drone  
  102  8:20  Drone x5  
  105  8:31  Hatchery  
  105  8:32  Drone  
  105  8:33  Drone  
  106  8:53  Infestation Pit  
  105  9:08  Overlord x2  
  105  9:09  Overlord x3  
  105  9:15  Muscular Augments  
  105  9:20  Lurker x5  
  110  9:35  Roach x8  
  110  9:43  Evolution Chamber  
  109  9:46  Evolution Chamber  
  108  9:57  Roach x8  
  108  10:25  Zerg Missile Weapons Level 1  
  108  10:26  Zerg Ground Armor Level 1  
  108  10:27  Hydralisk  
  108  10:28  Hydralisk x9  
  110  10:33  Queen  
  122  11:09  Queen  
  118  11:21  Hive  
  118  11:29  Hydralisk  
  118  11:30  Hydralisk x9  
  138  11:45  Extractor  
  137  11:47  Drone  
  137  11:48  Drone x2, Extractor  
  137  11:49  Drone x2  
  137  11:50  Drone  
  137  11:51  Drone x5  
  137  11:52  Drone x3  
  148  12:00  Queen  
  146  12:20  Zerg Ground Armor Level 2  
  146  13:01  Viper  
  146  13:02  Viper x3  
  148  14:39  Overlord x3  
  148  14:40  Overlord x3  
  148  14:57  Queen  
  150  15:00  Hydralisk x3  
  150  15:01  Hydralisk x18  
  150  15:04  Overlord x4  
  192  15:18  Zerg Missile Weapons Level 2  
  185  15:44  Hydralisk  
  185  15:45  Hydralisk x6  
  191  17:14  Lurker  
  191  17:15  Lurker x3  
  195  17:35  Spore Crawler x2  
  195  17:36  Spore Crawler x2  
  191  17:37  Spore Crawler  
  191  17:40  Spore Crawler  
Show
View Real Time Build Order
Export as new Build Order

DJDeepT Protoss 

Build Orders:  

Get SALT Encoding   

  12  0:01  Probe (Chrono Boost)  
  13  0:12  Probe (Chrono Boost)  
  14  0:22  Probe (Chrono Boost)  
  15  0:41  Pylon  
  15  0:49  Assimilator  
  15  0:53  Assimilator  
  15  0:59  Probe (Chrono Boost)  
  15  1:02  Pylon  
  16  1:08  Gateway  
  16  1:12  Forge  
  16  1:17  Probe (Chrono Boost)  
  17  1:27  Probe (Chrono Boost)  
  18  1:34  Gateway  
  18  1:38  Probe (Chrono Boost)  
  19  1:48  Probe (Chrono Boost)  
  19  1:50  Gateway  
  20  1:59  Probe (Chrono Boost)  
  21  2:08  Cybernetics Core  
  21  2:11  Probe (Chrono Boost)  
  22  2:22  Probe (Chrono Boost)  
  23  2:32  Probe (Chrono Boost)  
  23  2:33  Gateway  
  24  2:43  Probe (Chrono Boost)  
  25  2:46  Warp Gate (Chrono Boost)  
  25  2:54  Mothership Core  
  25  2:55  Stalker  
  29  2:58  Adept  
  29  3:04  Protoss Ground Weapons Level 1  
  31  3:11  Pylon  
  31  3:20  Pylon  
  31  3:29  Adept  
  31  3:30  Stalker  
  35  3:36  Adept  
  35  3:41  Adept  
  39  3:56  Adept  
  41  4:08  Adept  
  43  4:12  Adept  
  43  4:13  Adept  
  45  4:52  Probe  
  46  4:58  Protoss Ground Armor Level 1  
  46  4:59  Nexus  
  46  5:02  Assimilator  
  46  5:04  Assimilator  
  46  5:25  Pylon  
  46  5:27  Pylon  
  46  5:30  Twilight Council  
  46  5:32  Gateway  
  36  6:27  Stalker x2  
  36  6:28  Stalker x2  
  42  6:34  Blink  
  32  6:50  Probe  
  32  6:51  Probe  
  32  6:52  Robotics Facility x2  
  34  7:00  Probe, Pylon  
  34  7:04  Probe  
  28  7:35  Probe  
  29  7:37  Probe  
  29  7:40  Stalker x5  
  40  7:45  Mothership Core, Observer  
  40  7:46  Observer  
  40  7:49  Probe  
  45  8:01  Probe  
  45  8:04  Probe  
  46  8:06  Immortal  
  51  8:13  Probe  
  51  8:15  Protoss Ground Weapons Level 2, Probe  
  53  8:20  Stalker x2  
  53  8:23  Stalker  
  59  8:28  Probe  
  60  8:42  Probe  
  60  8:46  Stalker  
  63  9:11  Nexus  
  63  9:12  Pylon  
  63  9:15  Pylon  
  63  9:22  Adept  
  63  9:23  Assimilator, Adept  
  49  9:39  Adept x3  
  55  9:51  Stalker  
  55  9:52  Stalker  
  59  10:05  Gateway  
  59  10:06  Gateway  
  59  10:07  Charge  
  59  10:08  Dark Shrine  
  59  10:13  Protoss Ground Armor Level 2  
  59  10:21  Stalker x2  
  59  10:22  Stalker  
  65  10:31  Stalker x2  
  69  10:49  Stalker x3  
  75  11:06  Probe  
  75  11:08  Probe x2  
  75  11:09  Stalker x3  
  75  11:11  Stalker  
  86  11:24  Stalker x2  
  86  11:25  Stalker  
  92  11:40  Stalker x3  
  92  11:42  Probe  
  92  11:44  Probe x2  
  101  11:56  Probe  
  102  12:06  Stalker x5  
  44  12:56  Stalker x6  
  44  12:57  Stalker  
  44  12:58  Probe  
  58  13:00  Probe x2  
  51  13:38  Assimilator  
  19  18:03  Pylon x3  
  19  18:05  Pylon  
  19  18:07  Pylon  
  16  18:25  Photon Cannon x2  
  16  18:26  Photon Cannon  
  16  18:28  Photon Cannon  
  16  18:29  Photon Cannon  
  16  18:30  Photon Cannon  
  16  18:32  Photon Cannon  
  16  18:33  Photon Cannon  
  16  18:35  Photon Cannon  
  16  18:36  Photon Cannon  
Show
View Real Time Build Order
Export as new Build Order

Shemshuhors Protoss 

Build Orders: Forge Fast Expand (FFE) 

Get SALT Encoding   

  12  0:01  Probe (Chrono Boost)  
  13  0:12  Probe (Chrono Boost)  
  14  0:21  Pylon  
  14  0:23  Probe (Chrono Boost)  
  15  0:39  Probe (Chrono Boost)  
  16  0:44  Forge  
  16  0:50  Probe (Chrono Boost)  
  17  1:00  Probe (Chrono Boost)  
  19  1:11  Probe (Chrono Boost)  
  19  1:17  Nexus  
  19  1:22  Probe (Chrono Boost)  
  20  1:32  Photon Cannon  
  20  1:38  Pylon  
  20  1:40  Probe (Chrono Boost)  
  21  1:51  Probe (Chrono Boost)  
  22  1:59  Photon Cannon  
  22  2:06  Photon Cannon  
  22  2:13  Probe (Chrono Boost)  
  23  2:16  Photon Cannon  
  23  2:23  Photon Cannon  
  23  2:27  Probe (Chrono Boost)  
  24  2:30  Probe (Chrono Boost)  
  25  2:37  Probe (Chrono Boost)  
  25  2:44  Gateway  
  26  2:46  Assimilator  
  26  2:49  Assimilator  
  26  2:50  Probe (Chrono Boost)  
  27  2:51  Probe (Chrono Boost)  
  28  3:04  Photon Cannon  
  28  3:14  Probe (Chrono Boost)  
  29  3:25  Probe (Chrono Boost)  
  30  3:28  Pylon  
  30  3:31  Cybernetics Core  
  30  3:35  Probe x2 (Chrono Boost)  
  30  3:38  Pylon  
  32  3:46  Probe x2 (Chrono Boost)  
  34  3:50  Assimilator  
  34  3:52  Assimilator  
  34  3:56  Probe (Chrono Boost)  
  35  4:05  Photon Cannon  
  35  4:08  Photon Cannon  
  35  4:09  Pylon  
  35  4:12  Stargate  
  35  4:16  Probe (Chrono Boost)  
  36  4:18  Probe (Chrono Boost)  
  37  4:26  Probe (Chrono Boost)  
  37  4:28  Probe (Chrono Boost)  
  39  4:34  Photon Cannon  
  39  4:37  Probe (Chrono Boost)  
  40  4:39  Probe (Chrono Boost)  
  41  4:47  Probe (Chrono Boost)  
  41  4:49  Probe (Chrono Boost)  
  43  4:56  Pylon  
  43  4:58  Probe (Chrono Boost)  
  44  5:00  Probe (Chrono Boost)  
  44  5:04  Nexus  
  45  5:08  Fleet Beacon  
  45  5:11  Protoss Air Weapons Level 1 (Chrono Boost)  
  45  5:12  Pylon  
  45  5:17  Pylon  
  45  5:21  Photon Cannon  
  45  5:24  Protoss Shields Level 1 (Chrono Boost)  
  45  5:28  Probe  
  46  5:39  Pylon  
  46  5:41  Assimilator  
  46  5:45  Assimilator  
  46  5:48  Pylon  
  46  5:52  Stargate  
  46  5:53  Stargate  
  46  5:54  Carrier (Chrono Boost)  
  46  5:56  Graviton Catapult  
  52  6:30  Pylon  
  52  6:32  Photon Cannon  
  52  6:33  Pylon  
  52  6:34  Photon Cannon  
  52  6:36  Pylon, Carrier (Chrono Boost)  
  52  6:37  Carrier (Chrono Boost)  
  64  6:52  Robotics Facility  
  64  6:54  Mothership Core  
  66  7:05  Probe  
  67  7:17  Probe, Carrier (Chrono Boost)  
  74  7:27  Protoss Air Weapons Level 2  
  74  7:40  Observer  
  75  7:53  Carrier x2 (Chrono Boost)  
  75  7:58  Photon Cannon  
  86  8:20  Photon Cannon  
  86  8:22  Photon Cannon  
  86  8:24  Photon Cannon  
  86  8:28  Photon Cannon  
  86  8:31  Carrier (Chrono Boost)  
  86  8:32  Photon Cannon  
  92  8:39  Observer  
  93  9:08  Carrier x2 (Chrono Boost)  
  111  9:46  Carrier (Chrono Boost)  
  66  10:22  Carrier x2 (Chrono Boost)  
  66  10:23  Mothership Core  
  66  10:27  Observer  
  81  10:34  Stargate x2  
  81  10:52  Twilight Council  
  87  11:01  Carrier (Chrono Boost)  
  105  11:32  Carrier (Chrono Boost)  
  105  11:33  Carrier (Chrono Boost)  
  105  11:46  Carrier (Chrono Boost)  
  117  12:35  Photon Cannon  
  117  12:37  Photon Cannon  
  117  12:40  Photon Cannon  
  117  12:42  Photon Cannon  
Show
View Real Time Build Order
Export as new Build Order

Nessuno Protoss 

Build Orders:  

Get SALT Encoding   

  12  0:01  Probe (Chrono Boost)  
  13  0:13  Probe (Chrono Boost)  
  14  0:29  Pylon  
  14  0:33  Probe (Chrono Boost)  
  15  0:47  Probe (Chrono Boost)  
  16  0:55  Gateway  
  16  0:56  Gateway  
  16  1:01  Assimilator  
  16  1:03  Probe (Chrono Boost)  
  17  1:14  Probe (Chrono Boost)  
  17  1:17  Pylon  
  18  1:24  Probe (Chrono Boost)  
  19  1:35  Probe (Chrono Boost)  
  20  1:44  Cybernetics Core  
  20  1:45  Probe (Chrono Boost)  
  21  1:48  Zealot x2  
  25  1:55  Gateway  
  25  2:03  Probe (Chrono Boost)  
  26  2:09  Assimilator  
  26  2:19  Zealot  
  28  2:22  Pylon  
  28  2:23  Zealot  
  30  2:46  Stalker x2  
  30  2:48  Warp Gate (Chrono Boost)  
  34  3:01  Gateway  
  34  3:05  Stalker  
  36  3:16  Pylon  
  36  3:42  Stalker x3  
  42  4:16  Forge  
  42  4:20  Pylon  
  42  4:22  Probe  
  43  4:30  Nexus  
  43  4:34  Probe  
  44  4:43  Stalker  
  46  5:05  Stalker x2  
  46  5:06  Stalker  
  52  5:14  Pylon  
  52  5:30  Gateway  
  52  5:36  Pylon  
  38  6:42  Stalker x4  
  36  6:48  Probe  
  33  6:58  Probe  
  34  7:01  Photon Cannon  
  34  7:02  Photon Cannon  
  34  7:07  Pylon  
  34  7:09  Probe  
  34  7:10  Robotics Facility  
  35  7:28  Probe  
  36  7:39  Probe, Pylon  
  37  7:47  Stalker x3  
  37  7:48  Stalker  
  37  7:49  Probe  
  46  7:55  Protoss Ground Weapons Level 1  
  46  8:00  Probe  
  47  8:10  Observer  
  48  8:20  Stalker x2  
  48  8:21  Stalker  
  48  8:26  Probe  
  55  8:36  Probe  
  56  8:49  Pylon  
  56  8:52  Stalker x2  
  56  8:53  Stalker  
  62  8:57  Probe  
  63  9:02  Assimilator  
  63  9:08  Probe  
  62  9:37  Stalker x2  
  62  9:38  Stalker x3  
  72  9:48  Nexus  
  59  10:27  Stalker  
  61  10:29  Stalker x4  
  69  10:39  Stargate  
  69  10:40  Probe  
  70  10:42  Assimilator  
  70  10:51  Probe  
  70  10:55  Pylon  
  71  10:58  Stalker x4  
  71  11:03  Assimilator  
  79  11:20  Observer  
  80  11:26  Void Ray  
  84  11:38  Probe, Pylon  
  84  11:43  Stalker  
  87  11:49  Probe  
  88  11:59  Probe  
  85  12:09  Void Ray  
Tags
 
Add a new tag
Caveats
  • Supply blocks, unpowered buildings, or Contaminate may cause inaccurate times.
  • Supply counts are checked every 10 seconds.